 Dungeon Crawl Stone Soup version 0.30-a0-852-g08b95dd62f (webtiles) character file.

Game seed: 4237032943480395025

60 BubbleThief the Trooper (level 3, -2/30 HPs)
             Began as a Demonspawn Cinder Acolyte on Mar 4, 2023.
             Was a High Priest of Ignis.
             Constricted to death by Ijyb (4 damage)
             ... on level 3 of the Dungeon.
             The game lasted 00:03:21 (1694 turns).

BubbleThief the Trooper (Demonspawn Cinder Acolyte) Turns: 1694, Time: 00:03:21

Health: -2/30      AC:  6    Str: 16    XL:     3   Next: 82%
Magic:  4/4        EV:  8    Int: 15    God:    Ignis [*****.]
Gold:   142        SH:  0    Dex:  8    Spells: 4/4 levels left

rFire   + . .      SeeInvis .    a - -1 spear (flame)
rCold   . . .      Faith    .    (no shield)
rNeg    . . .      Spirit   .    b - +0 robe
rPois   .          Reflect  .    (no helmet)
rElec   .          Rampage  .    d - +2 cloak
rCorr   .                        (no gloves)
Will    .....                    k - +0 pair of boots
Stlth   +                        (no amulet)
HPRegen 0.25/turn                (no ring)
MPRegen 0.09/turn                (no ring)

@: grasped by roots, rising, flying, constricted
A: demonic magic 1
a: Renounce Religion, Fiery Armour, Foxfire Swarm


You were on level 3 of the Dungeon.
You worshipped Ignis.
Ignis was extremely pleased with you.
You visited 1 branch of the dungeon, and saw 3 of its levels.

You collected 142 gold pieces.

Inventory:

Hand Weapons
 a - a -1 spear of flaming (weapon)
Missiles
 e - 14 poisoned darts (quivered)
Armour
 b - a +0 robe (worn)
 d - a +2 cloak (worn)
 k - a +0 pair of boots (worn)
Scrolls
 c - 5 scrolls of identify {unknown}
 f - a scroll of enchant weapon {unknown}
 g - a scroll of brand weapon {unknown}
 h - a scroll of teleportation {unknown}
 i - a scroll of enchant armour {unknown}
 m - 3 scrolls of silence {unknown}
Potions
 j - a potion of haste {unknown}
 l - a potion of might {unknown}
 n - a potion of invisibility {unknown}
 o - a potion of flight {unknown}


   Skills:
 + Level 3.8 Fighting
 + Level 3.5 Polearms
 - Level 1.2 Spellcasting
 - Level 2.8 Fire Magic


You had 4 spell levels left.
You didn't know any spells.
Your spell library contained the following spells:

 Spells                   Type           Power      Damage    Failure   Level
 Scorch                   Fire           18%        2d6       11%         2
 Sting                    Tmut/Pois      0%         1d3       24%         1
 Cigotuvi's Dreadful Rot  Necr/Pois/Air  0%         N/A       36%         2
 Poisonous Vapours        Pois/Air       0%         N/A       36%         2
 Mephitic Cloud           Conj/Pois/Air  0%         N/A       58%         3
 Olgreb's Toxic Radiance  Pois           0%         N/A       94%         4


Dungeon Overview and Level Annotations

Branches:
Dungeon (3/15)

Altars:
Qazlal

Annotations:
D:3 Ijyb, Robin


Innate Abilities, Weirdness & Mutations

Spells you cast may paralyse adjacent enemies.


Message History

A hobgoblin comes into view.
You hit Ijyb. You burn Ijyb.
Ijyb is lightly wounded.
Robin roars a battlecry!
The goblins go into a battle-frenzy!
Ijyb hits you but does no damage.
Found a scroll labelled UHICUSEOBE.
An orc comes into view. It is wielding a +0 whip.
Ijyb hits you with a +0 dagger. Ijyb attacks as you move away!
Ijyb hits you with a +0 dagger!
Press: ? - help, v - describe, . - travel
Here: Ijyb, wielding a +0 dagger, wearing a +0 leather armour and carrying a wand of roots (9) (lightly wounded, strong)
The floor.
Unknown command.
Ijyb attacks as you move away! Ijyb hits you with a +0 dagger.
Ijyb attacks as you move away! Ijyb hits you with a +0 dagger.
Ijyb zaps a wand.
The roots erupt in riotous growth!
The grasping roots grab you! The grasping roots constrict you!
You hear a shout! x3
The roots grasp on you weakens, but your attempt to escape fails.
Robin throws the goblin at you! The grasping roots constrict you.
* * * LOW HITPOINT WARNING * * *
You escape the roots grasp.
The goblin attacks as you move away! The goblin barely misses you.
Ijyb zaps a wand.
The roots erupt in riotous growth!
The goblin is unaffected.
The grasping roots grab you! The grasping roots constrict you.
* * * LOW HITPOINT WARNING * * *
Unknown command.
You hit the goblin. You burn the goblin.
The goblin is heavily wounded.
The goblin hits you but does no damage. The grasping roots constrict you.
You aren't carrying any items that you can evoke.
Unknown command.
You begin to rise into the air.
The goblin hits you with a +0 club.
* * * LOW HITPOINT WARNING * * *
Ijyb screams, "Die!"
The grasping roots constrict you.
You die...

#.....##.# #.~~~~.#
#.....##.#######≈~~~~~# #
#.....#..........≈~~~.#.##
#<....#...........~~~.....
#.............##.....P#
#......#...........###....
#......#...8..##.......# . ...
#.............##.#..#### ....
#.....##......##@#..# #....
########..<...##g#>.#####.....
#...#.###g####...o...?
###.#....gg.ggP.P$.#
####.....g.......#
#........Pg.P## #....8.....###
#..........# #.........^#


You could see Ijyb (strong) and 3 goblins.

Vanquished Creatures
  A hound skeleton (D:3)
  3 adder skeletons (D:3)
  2 dart slugs
  An orc (D:3)
  3 ball pythons
  4 endoplasms
  4 goblins (D:1)
  A quokka (D:2)
  A ball python skeleton (D:3)
  3 bats (D:1)
  A frilled lizard (D:2)
  A giant cockroach zombie (D:3)
  A jackal skeleton (D:3)
  4 kobolds
  A quokka zombie (D:3)
  5 rats
36 creatures vanquished.

Notes
Turn   | Place    | Note
-------+----------+-------------------------------------------
     0 | D:1      | BubbleThief the Demonspawn Cinder Acolyte began the quest
                  | for the Orb.
     0 | D:1      | Reached XP level 1. HP: 18/18 MP: 2/2
    54 | D:1      | Found a faded altar of an unknown god.
   295 | D:1      | Gained mutation: Spells you cast may paralyse adjacent
                  | enemies. [demonic ancestry]
   295 | D:1      | Reached XP level 2. HP: 24/24 MP: 3/3
  1151 | D:2      | Found a stormy altar of Qazlal.
  1457 | D:3      | Reached XP level 3. HP: 29/29 MP: 4/4
  1681 | D:3      | Noticed Robin
  1681 | D:3      | Noticed Ijyb
  1694 | D:3      | Constricted to death by Ijyb

Illustrated notes

Levels and vault maps discovered:
D:1:      dpeg_arrival_houses_and_road, layout_rooms,
          ebering_ecumenical_altar_rust, serial_curves, eino_curves_02,
          eino_curves_02, hangedman_decor_clover_reticule
D:2:      layout_basic, basic_altar
D:3:      layout_basic, tgw_sif, trog_butcher_becter, serial_undead,
          serial_undead_b, serial_undead_f, serial_undead_f, serial_undead_a,
          serial_undead_d, serial_undead_c, serial_undead_c, serial_undead_e,
          serial_undead_d, serial_undead_f, nicolae_goblin_pals

Skill      XL: |  1  2 |
---------------+-------+-----
Polearms       | 3 |  3.5
Fighting       | |  3.8
Spellcasting   | |  1.2
Fire Magic     | |  2.8

Action                     || total
---------------------------++-------
  Melee: Spear             ||   139
         Punch             ||     2
 Invoke: Rising Flame      ||     1
 Armour: Robe              ||    42
  Dodge: Dodged            ||    50

Table legend: (Time is in decaauts)
 A = Elapsed time spent in this place.
 B = Non-inter-level travel time spent in this place.
 C = Inter-level travel time spent in this place.
 D = Time resting spent in this place.
 E = Time spent auto-exploring this place.
 F = Levels seen in this place.
 G = Mean time per level.
                   A        B        C        D        E       F      G
               +--------+--------+--------+--------+--------+-----+--------+
         Total |   1686 |   1649 |     37 |      0 |   1356 |   3 |  562.0 |
       Dungeon |   1686 |   1649 |     37 |      0 |   1356 |   3 |  562.0 |
               +--------+--------+--------+--------+--------+-----+--------+

Top non-repeatable levels by time:
     D:2: 840 daAuts
     D:1: 608 daAuts
     D:3: 237 daAuts
